 Dungeon Crawl Stone Soup version 0.21-a0-404-g291f19a (webtiles) character file.

14476 Hasart the Basher (level 12, 0/77 HPs)
             Began as a Gargoyle Fighter on Oct 26, 2017.
             Was an Initiate of Gozag.
             Slain by a komodo dragon (10 damage)
             ... on level 2 of the Lair of Beasts.
             The game lasted 00:27:04 (12622 turns).

Hasart the Basher (Gargoyle Fighter)               Turns: 12622, Time: 00:27:05

Health: 0/77       AC: 24    Str: 28    XL:     12   Next: 16%
Magic:  21/21      EV:  9    Int:  9    God:    Gozag
Gold:   858        SH: 12    Dex:  7    Spells: 11/11 levels left

rFire    + . .     SeeInvis .   Q - +5 war axe "Tenirus" {flame, rPois MP+9 Dex-2}
rCold    . . .     Gourm    .   c - +0 shield
rNeg     + . .     Faith    .   n - +0 fire dragon scales
rPois    ∞         Spirit   .   x - +0 helmet
rElec    +         Reflect  .   w - +0 cloak
rCorr    +         Harm     .   p - +0 pair of gloves
MR       .....                  (no boots)
Stlth    ..........             g - amulet of magic regeneration
HPRegen  0.22/turn              D - ring "Ituagh" {rCorr rElec Str+3}
MPRegen  0.42/turn              a - ring of ice

@: no status effects
A: negative energy resistance 1, electricity resistance, unbreathing,
petrification resistance, rot immunity, AC +8
a: Potion Petition, Call Merchant, Bribe Branch, Renounce Religion


You were on level 2 of the Lair of Beasts.
You worshipped Gozag.
Gozag was pleased with you.
You were not hungry.

You visited 3 branches of the dungeon, and saw 15 of its levels.

You collected 2801 gold pieces.
You spent 1420 gold pieces at shops.
You paid 523 gold pieces to Gozag.

Inventory:

Hand Weapons
 B - a +1 morningstar of protection
 F - a +0 dire flail of holy wrath
 Q - the +5 war axe "Tenirus" (weapon) {flame, rPois MP+9 Dex-2}
   (You bought it in a shop on level 6 of the Dungeon)

   It has been specially enchanted to burn those struck by it, causing extra
   injury to most foes and up to half again as much damage against particularly
   susceptible opponents.
   Big, fiery blades are also staple armaments of hydra-hunters.
   It affects your dexterity (-2).
   It protects you from poison.
   It affects your magic capacity (+9).
 R - the +3 flail of Innocence {freeze, +Inv Dex+2}
   (You bought it in a shop on level 6 of the Dungeon)

   It has been specially enchanted to freeze those struck by it, causing extra
   injury to most foes and up to half again as much damage against particularly
   susceptible opponents.
   It can also slow down cold-blooded creatures.
   It affects your dexterity (+2).
   It lets you turn invisible.
Armour
 c - a +0 shield (worn)
 n - +0 fire dragon scales (worn)
 p - a +0 pair of gloves (worn)
 w - a +0 cloak (worn)
 x - a +0 helmet (worn)
Jewellery
 a - a ring of ice (right hand)
 g - an amulet of magic regeneration (around neck)
 D - the ring "Ituagh" (left hand) {rCorr rElec Str+3}
   (You found it on level 5 of the Dungeon)

   [ring of resist corrosion]

   It affects your strength (+3).
   It insulates you from electricity.
 H - an uncursed ring of stealth
 L - an uncursed ring of protection from magic
 O - an uncursed ring of positive energy
 U - an uncursed ring of ice
 W - a +4 ring of intelligence
Wands
 t - a wand of disintegration (14/24)
 v - a wand of polymorph (0/24)
 C - a wand of paralysis (19/24)
 K - a wand of confusion (23/48)
 T - a wand of iceblast (3/15)
Scrolls
 e - 3 scrolls of recharging
 k - 11 scrolls of teleportation
 l - 4 scrolls of fog
 m - 7 scrolls of enchant weapon
 r - 2 scrolls of blinking
 u - 4 scrolls of remove curse
 y - 5 scrolls of identify
 z - 4 scrolls of enchant armour {unknown}
 V - a scroll of holy word
 Y - 3 scrolls of amnesia {unknown}
Potions
 b - 8 potions of curing
 d - a potion of might
 h - 5 potions of haste {unknown}
 i - 4 potions of agility {unknown}
 j - 2 potions of berserk rage {unknown}
 o - a potion of cancellation {unknown}
 q - 2 potions of degeneration {unknown}
 s - 5 potions of brilliance {unknown}
 A - 3 potions of mutation
 E - a potion of heal wounds {unknown}
 G - 2 potions of invisibility {unknown}
 P - 3 potions of lignification {unknown}
Books
 I - a book of Transfigurations

   Spells                             Type                      Level
   a - Irradiate                      Conjuration/Transmutation    5
   b - Statue Form                    Transmutation/Earth          6
   c - Hydra Form                     Transmutation                6
   d - Dragon Form                    Transmutation                7
 J - a book of Misfortune

   Spells                             Type                      Level
   a - Confusing Touch                Hexes                        1
   b - Confuse                        Hexes                        3
   c - Gell's Gravitas                Translocation                3
   d - Petrify                        Transmutation/Earth          4
   e - Metabolic Englaciation         Hexes/Ice                    5
   f - Yara's Violent Unravelling     Hexes/Transmutation          5
 M - a Necronomicon

   Spells                             Type                      Level
   a - Haunt                          Necromancy/Summoning         7
   b - Borgnjor's Revivification      Necromancy                   8
   c - Death's Door                   Charms/Necromancy            8
   d - Infestation                    Necromancy                   8
   e - Necromutation                  Transmutation/Necromancy     8
 N - the Grimoire of the Hierophant
   (You found it on level 7 of the Dungeon)

   Spells                             Type                      Level
   a - Summon Butterflies             Summoning                    1
   b - Summon Small Mammal            Summoning                    1
   c - Summon Lightning Spire         Summoning/Air                4
   d - Shadow Creatures               Summoning                    6
 S - a book of Flames

   Spells                             Type                      Level
   a - Flame Tongue                   Conjuration/Fire             1
   b - Throw Flame                    Conjuration/Fire             2
   c - Conjure Flame                  Conjuration/Fire             3
   d - Inner Flame                    Hexes/Fire                   3
   e - Sticky Flame                   Conjuration/Fire             4
   f - Fireball                       Conjuration/Fire             5
Comestibles
 f - 12 bread rations


   Skills:
 + Level 10.1 Fighting
   Level 3.3 Short Blades
 + Level 5.4(8.1) Axes
 - Level 10.2(10.8) Maces & Flails
 + Level 10.1 Armour
 + Level 10.1 Shields


You had 11 spell levels left.
You didn't know any spells.

Dungeon Overview and Level Annotations

Branches:
Dungeon (12/15)            Temple (1/1) D:4            Lair (2/6) D:8
    Orc (0/2) D:9
  Swamp: Lair:2-4    Shoals: Lair:2-4     Snake: Lair:2-4    Spider: Lair:2-4

Altars:
Ashenzari
Cheibriados
Dithmenos
Elyvilon
Fedhas
Gozag
Hepliaklqana
Kikubaaqudgha
Makhleb
Nemelex Xobeh
Okawaru
Qazlal
Ru
Sif Muna
Trog
Uskayaw
Vehumet
Wu Jian
Xom
Yredelemnul
Zin
The Shining One

Shops:
D:6 ([?   D:10 !   D:12 ?   Lair:2 =

Annotations:
D:3 , 2 transporters
D:8 Blork the orc
D:11 1 runed door


Innate Abilities, Weirdness & Mutations

You are resistant to torment.
Your stone body is resilient. (AC +8)
You are immune to poison.
You resist negative energy. (rN+)
You are resistant to electric shocks. (rElec)
You can survive without breathing.
You are immune to petrification.
You are immune to rotting.


Message History

HP restored.
i - 4 emerald potions (gained 1)
k - 11 scrolls of teleportation (gained 1)
You now have 858 gold pieces (gained 10).
A komodo dragon comes into view.
The komodo dragon hisses angrily.
A komodo dragon is nearby!
A komodo dragon is nearby!
The komodo dragon bites you!
You barely miss the komodo dragon. The komodo dragon bites you!!
You completely miss the komodo dragon. The komodo dragon bites you.
You slash the komodo dragon! You burn the komodo dragon.
The komodo dragon is heavily wounded.
The komodo dragon bites you! The komodo dragon bites you!!
* * * LOW HITPOINT WARNING * * *
You hit the komodo dragon. You burn the komodo dragon.
The komodo dragon is severely wounded.
The komodo dragon bites you!
You die...
Your body crumbles into a pile of gold.

...........##### ##.
###........#PP.##...
#..................##
....................##
........#P#..........##
........###P..........#
........###...........##
.......###..............
......## #......@l.....#
......# #..............
.....P# #............###
.....## #.....$....###
...### #..........##
...# ##......#.## ####
#...#..### ##..##P#


You could see a komodo dragon.

Vanquished Creatures
  A two-headed ogre (D:8)
  An unseen horror (D:10)
  The ghost of Spoonicorn the Cleaver, a novice HOBe of Trog (D:6)
  A manticore (D:11)
  2 ugly things
  A spiny frog (Lair:2)
  A komodo dragon (D:8)
  2 trolls
  Prince Ribbit (D:6)
  3 hippogriffs
  3 shadows
  9 yaks
  3 hungry ghosts
  A vampire mosquito (D:7)
  A warg (D:9)
  Edmund (D:5)
  2 water moccasins
  A soldier ant (D:11)
  A porcupine (Lair:1)
  4 orc warriors
  3 ice beasts
  4 sky beasts
  A phantom (Temple)
  An eye of draining (D:10)
  8 ogres
  5 centaurs
  3 big kobolds
  11 bullfrogs
  2 scorpions
  22 killer bees
  4 jellies
  9 wights
  A howler monkey (D:7)
  6 crimson imps
  2 bullfrog zombies
  2 centaur zombies
  5 hounds
  Crazy Yiuf (D:3)
  8 orc priests
  19 orc wizards
  2 centaur skeletons
  3 bullfrog skeletons
  An iguana (D:10)
  10 worker ants
  A killer bee zombie (D:5)
  A hound zombie (D:8)
  A mummy (D:7)
  A worker ant zombie (D:11)
  2 howler monkey zombies
  10 gnolls
  9 adders
  A shadow imp (D:8)
  An ooze (D:7)
  2 adder zombies
  2 adder skeletons (D:6)
  4 worms
  A dart slug (D:1)
  5 leopard geckos
  43 orcs
  5 bats
  5 giant cockroaches
  10 hobgoblins
  22 jackals
  4 quokkas
  3 frilled lizards
  4 goblins
  A goblin zombie (D:5)
  3 hobgoblin zombies
  16 kobolds
  2 kobold zombies
  A leopard gecko zombie (D:6)
  4 orc skeletons (D:5)
  An orc zombie (D:7)
  6 rats
  2 plants (D:8)
346 creatures vanquished.

Vanquished Creatures (others)
  A wizard (D:10)
  A plant (D:8)
  4 toadstools (D:1)
6 creatures vanquished.

Grand Total: 352 creatures vanquished

Notes
Turn   | Place    | Note
-------+----------+-------------------------------------------
     0 | D:1      | Hasart the Gargoyle Fighter began the quest for the Orb.
     0 | D:1      | Reached XP level 1. HP: 14/14 MP: 1/1
   174 | D:1      | Reached XP level 2. HP: 18/19 MP: 2/2
   566 | D:1      | Reached XP level 3. HP: 23/23 MP: 3/3
   734 | D:2      | Found a glowing silver altar of Zin.
  1005 | D:2      | Reached XP level 4. HP: 20/28 MP: 4/4
  1559 | D:3      | Found a runed door.
  1667 | D:3      | Found a transporter.
  1668 | D:3      | Found a transporter.
  1686 | D:3      | Found a sparkling altar of Nemelex Xobeh.
  1819 | D:3      | Reached skill level 5 in Maces & Flails
  1819 | D:3      | Reached XP level 5. HP: 17/32 MP: 5/5
  2671 | D:3      | Noticed Crazy Yiuf
  2678 | D:3      | Killed Crazy Yiuf
  2678 | D:3      | Reached XP level 6. HP: 34/37 MP: 6/6
  2866 | D:4      | Found a staircase to the Ecumenical Temple.
  2866 | D:4      | Noticed a phantom
  2870 | Temple   | Entered the Ecumenical Temple
  2889 | Temple   | Killed a phantom
  3198 | Temple   | Became a worshipper of Gozag Ym Sagoz the Greedy
  3361 | D:4      | Found a bloodstained altar of Trog.
  3825 | D:5      | Entered Level 5 of the Dungeon
  3854 | D:5      | Reached XP level 7. HP: 41/41 MP: 7/7
  3946 | D:5      | Got a dazzling rapier
  3947 | D:5      | Identified the +5 rapier of the Crypt {pierce, MR+ Int+3} (You found it on level 5 of the Dungeon)
  4269 | D:5      | Reached skill level 1 in Short Blades
  4276 | D:5      | Got a pitted brass ring
  4293 | D:5      | Identified the ring "Ituagh" {rCorr rElec Str+3} (You found it on level 5 of the Dungeon)
  4313 | D:5      | Found an ancient bone altar of Kikubaaqudgha.
  4375 | D:5      | Noticed Edmund
  4389 | D:5      | Killed Edmund
  4414 | D:5      | Found a glowing golden altar of the Shining One.
  4416 | D:5      | Reached XP level 8. HP: 48/48 MP: 8/8
  5094 | D:6      | Reached skill level 5 in Fighting
  5094 | D:6      | Reached skill level 5 in Armour
  5094 | D:6      | Reached skill level 5 in Shields
  5476 | D:6      | Found Cucsuept's Magic Scroll Emporium.
  5504 | D:6      | Bought a scroll of acquirement for 520 gold pieces
  5799 | D:6      | Noticed Prince Ribbit
  5808 | D:6      | Killed Prince Ribbit
  5808 | D:6      | Reached XP level 9. HP: 53/55 MP: 9/9
  5914 | D:6      | Found Bofaarru's Armour Emporium.
  5917 | D:6      | Found a shattered altar of Ashenzari.
  5925 | D:6      | Found a hide-covered altar of Uskayaw.
  5966 | D:6      | Found Senasas's Antique Weapon Shoppe.
  6129 | D:6      | Noticed Spoonicorn's ghost (novice HOBe)
  6154 | D:6      | Killed Spoonicorn's ghost
  6595 | D:7      | Found a shimmering altar of Xom.
  6815 | D:7      | Found a blossoming altar of Fedhas.
  7179 | D:7      | Reached XP level 10. HP: 61/61 MP: 10/10
  7201 | D:7      | Identified the Grimoire of the Hierophant
  7303 | D:7      | Got a brightly glowing ring mail
  7316 | D:7      | Identified the cursed +0 ring mail of the Several Dreams {rPois Dex+4} (You found it on level 7 of the Dungeon)
  7645 | D:8      | Noticed a two-headed ogre
  7756 | D:6      | Bought a fine war axe for 229 gold pieces
  7756 | D:6      | Bought a polished flail for 229 gold pieces
  7756 | D:6      | Identified the +5 war axe "Tenirus" {flame, rPois MP+9 Dex-2} (You bought it in a shop on level 6 of the Dungeon)
  7757 | D:6      | Identified the cursed +3 flail of Innocence {freeze, +Inv Dex+2} (You bought it in a shop on level 6 of the Dungeon)
  7970 | D:8      | Killed a two-headed ogre
  7970 | D:8      | Reached skill level 10 in Maces & Flails
  8341 | D:8      | Found a staircase to the Lair.
  8443 | D:8      | Found an iron altar of Okawaru.
  8461 | D:8      | Noticed Blork the orc
  8467 | D:8      | Found a deep blue altar of Sif Muna.
  8602 | D:8      | Reached skill level 1 in Axes
  8923 | D:9      | Found a stormy altar of Qazlal.
  8985 | D:9      | Found a white marble altar of Elyvilon.
  9004 | D:9      | Noticed a brown ugly thing
  9005 | D:9      | Reached XP level 11. HP: 48/68 MP: 11/11
  9011 | D:9      | Killed a brown ugly thing
  9012 | D:9      | Found a staircase to the Orcish Mines.
  9558 | D:9      | You fall through a shaft for 3 floors!
  9558 | D:12     | Found Cisugebb's Magic Scroll Boutique.
  9684 | D:12     | Noticed a purple ugly thing
  9694 | D:11     | Killed a purple ugly thing
  9752 | D:11     | Found a shattered altar of Ashenzari.
  9773 | D:11     | Found a glowing golden altar of the Shining One.
  9773 | D:11     | Found a runed door.
  9773 | D:11     | Noticed an angel
 10127 | D:11     | Noticed a manticore
 10138 | D:11     | Killed a manticore
 10204 | D:10     | Entered Level 10 of the Dungeon
 10320 | D:10     | Killed an unseen horror
 10662 | D:10     | Found a bloodstained altar of Trog.
 10676 | D:10     | Noticed a wizard
 10678 | D:10     | Killed a wizard
 10857 | D:10     | Found Waonitzi's Distillery.
 10864 | D:10     | Bought a potion of mutation for 112 gold pieces
 11526 | D:11     | Reached skill level 5 in Axes
 11548 | D:12     | Reached XP level 12. HP: 68/77 MP: 12/12
 11569 | D:12     | Bought a scroll of teleportation for 36 gold pieces
 11569 | D:12     | Bought a scroll of holy word for 90 gold pieces
 11569 | D:12     | Bought a scroll of identify for 24 gold pieces
 11569 | D:12     | Bought a scroll of blinking for 90 gold pieces
 11569 | D:12     | Bought a scroll of enchant weapon for 90 gold pieces
 11735 | Lair:1   | Entered Level 1 of the Lair of Beasts
 11994 | Lair:1   | Reached skill level 10 in Armour
 12427 | Lair:2   | Reached skill level 10 in Fighting
 12427 | Lair:2   | Reached skill level 10 in Shields
 12622 | Lair:2   | Slain by a komodo dragon

Vault maps used:
D:1:      ldierk_water_garden, minmay_tiny_reverse_x
D:2:      overflow_temple_1_default, first_bread
D:3:      gammafunk_steamed_eel, nemelex_xobeh_ov_fountains_minmay,
          small_statue_intersection, uniq_crazy_yiuf_cottage
D:4:      nicolae_overflow_crystal_walls, temple_pool_b
D:5:      nicolae_tso_besieged_by_evil, kiku_gazebo_garden_becter, uniq_edmund
D:6:      grunt_temple_overflow_open, serial_shops, nicolae_shop_behind_doors,
          nicolae_shop_statue_plus, nicolae_shop_trees, uniq_prince_ribbit1
D:7:      minmay_the_grid_octo_triangle, lemuel_crystal_altar,
          marbit_many_paths, serial_park_tiny_1, grunt_ogre_cave,
          minmay_mini_ossuary
D:8:      kennysheep_mini_moat, tgw_sif, david_lair_shrubbed
D:9:      elyvilon_altar_5, grunt_qazlal_clouds, david_orc_3
D:10:     serial_shops, nicolae_shop_temple_entry_statues_fountains, trog_wizard
D:11:     basic_altar, lemuel_angel_altar
D:12:     serial_shops, nicolae_shop_stone
Temple:   nicolae_temple_figure_zero
Lair:1:   beast_lair_carwin_11

Skill      XL: |  1  2  3  4  5  6  7  8  9 10 11 12 |
---------------+-------------------------------------+-----
Maces & Flails | 3 4 5 6 7 8 9 10 | 10.2
Short Blades   | 1 3 |  3.3
Fighting       | 4 5 6 8 9 10 | 10.1
Armour         | 4 5 6 8 9 10 | 10.1
Shields        | 4 5 6 8 9 10 | 10.1
Axes           | 2 5 |  5.4

Action                   |  1- 3 |  4- 6 |  7- 9 | 10-12 || total
-------------------------+-------+-------+-------+-------++-------
Melee: Flail             |   120 |   261 |    11 |       ||   392
       Rapier            |       |       |   337 |    50 ||   387
       War axe           |       |       |       |   482 ||   482
Invok: Call Merchant     |       |       |       |     1 ||     1
Evoke: Wand              |       |     2 |       |     2 ||     4
  Use: Scroll            |       |       |     1 |    10 ||    11
 Stab: Distracted        |       |       |       |     2 ||     2
       Sleeping          |       |       |       |     1 ||     1
       Paralysed         |       |       |       |     4 ||     4
  Eat: Chunk             |       |     7 |       |       ||     7
       Meat ration       |       |     1 |     1 |     3 ||     5
       Fruit             |       |       |     2 |     1 ||     3
       Bread ration      |       |       |     1 |     2 ||     3
       Royal jelly       |       |       |     1 |     1 ||     2
Armor: Scale mail        |    72 |       |       |       ||    72
       Fire dragon scale |    22 |   137 |   137 |   410 ||   706
       Ring mail         |       |       |       |    45 ||    45
Dodge: Dodged            |    43 |    60 |    73 |   186 ||   362
Block: Shield            |    68 |   117 |   153 |   407 ||   745

Table legend:
 A = Spawn XP
 B = Non-spawn XP
 C = Spawn XP percentage of total XP
 D = Spawn monster count
 E = Non-spawn monster count
 F = Spawn count percentage of total count
 G = Total turns spent on level
                    A         B        C        D         E        F      G
               +---------+---------+-------+---------+---------+-------+---------
         Total |       0 |   20680 |   0.0 |       0 |     344 |   0.0 | 12622
               +---------+---------+-------+---------+---------+-------+---------
           D:1 |       0 |      49 |   0.0 |       0 |      19 |   0.0 |   881
           D:2 |       0 |      72 |   0.0 |       0 |      22 |   0.0 |   731
           D:3 |       0 |     220 |   0.0 |       0 |      23 |   0.0 |  1120
           D:4 |       0 |     131 |   0.0 |       0 |       9 |   0.0 |   836
           D:5 |       0 |    1176 |   0.0 |       0 |      38 |   0.0 |  1355
           D:6 |       0 |    1566 |   0.0 |       0 |      23 |   0.0 |  1357
           D:7 |       0 |    2060 |   0.0 |       0 |      46 |   0.0 |  1682
           D:8 |       0 |    2480 |   0.0 |       0 |      27 |   0.0 |   649
           D:9 |       0 |    3066 |   0.0 |       0 |      45 |   0.0 |   754
          D:10 |       0 |    4440 |   0.0 |       0 |      42 |   0.0 |  1276
          D:11 |       0 |    2652 |   0.0 |       0 |      24 |   0.0 |   729
          D:12 |       0 |     725 |   0.0 |       0 |      14 |   0.0 |   110
        Temple |       0 |     131 |   0.0 |       0 |       1 |   0.0 |   257
        Lair:1 |       0 |     509 |   0.0 |       0 |       5 |   0.0 |   681
        Lair:2 |       0 |    1403 |   0.0 |       0 |       6 |   0.0 |   204
               +---------+---------+-------+---------+---------+-------+---------
